Match 29339083
Unlisted

Match 29339083
End
Selects Italian Combined Arms Battlegroup
Selects Bersaglieri Squad
Bersaglieri Squad
Kradschützen Motorcycle Team
Bersaglieri Squad
Bersaglieri Squad
Construct Light Support Kompanie
Selects Bersaglieri Bolster
Fire Support Elements
Flakvierling Half-track
Selects Breda Model 30 Light Machine Guns
Panzerjäger Mechanized Group
Vehicle Survival Package
^3
Leon-passenger
0
0

Comments sign in to comment!

No comments posted yet!